 Dungeon Crawl Stone Soup version 0.24.0-1-gfbc8707122 (webtiles) character file.

Game seed: 11808036905868696568, levelgen mode: deterministic

58426 Mrkan the Warrior (level 14, 0/168 HPs)
             Began as a Minotaur Fighter on Oct 28, 2019.
             Was a High Priest of Elyvilon.
             Slain by Saint Roka
             ... wielding a +0 battleaxe of freezing
              (7 damage)
             ... on level 2 of the Orcish Mines.
             The game lasted 00:39:40 (20999 turns).

Mrkan the Warrior (Minotaur Fighter)               Turns: 20999, Time: 00:39:40

Health: 0/168      AC: 25    Str: 22    XL:     14   Next: 49%
Magic:  34/36      EV:  6    Int:  9    God:    Elyvilon [*****.]
Gold:   121        SH: 15    Dex: 14    Spells: 13/13 levels left

rFire    + . .     SeeInvis .   O - +8 war axe "Ogreslayer" {holy, rF+ MP+9 Str-3 Int+4}
rCold    . . .     Gourm    .   c - +1 shield
rNeg     + . .     Faith    +   K - +10 plate armour "Yfain" {-Tele rElec rPois rN+}
rPois    +         Spirit   .   C - +1 hat
rElec    +         Reflect  .   G - +0 cloak
rCorr    .         Harm     .   (no gloves)
MR       +....     Clarity  +   (no boots) Stlth ..........NoTele +
                                z - amulet of faith
HPRegen  0.38/turn              v - ring of poison resistance (curse)
MPRegen  0.25/turn              p - +3 ring of strength

@: divinely vigorous
A: retaliatory headbutt, horns 2, clarity, wild magic 1
a: Lesser Healing, Heal Other, Purification, Greater Healing, Divine Vigour,
Divine Protection, Renounce Religion


You were on level 2 of the Orcish Mines.
You worshipped Elyvilon.
Elyvilon was extremely pleased with you.
You were hungry.

You visited 3 branches of the dungeon, and saw 20 of its levels.

You collected 1155 gold pieces.
You spent 1034 gold pieces at shops.

Inventory:

Hand Weapons
 g - a +1 war axe of venom
 O - the +8 war axe "Ogreslayer" (weapon) {holy, rF+ MP+9 Str-3 Int+4}
   (You found it on level 6 of the Lair of Beasts)

   It has been blessed by the Shining One to cause great damage to the undead
   and demons.
   It affects your strength (-3).
   It affects your intelligence (+4).
   It protects you from fire.
   It affects your magic capacity (+9).
Armour
 c - a +1 shield (worn)
 y - a +0 plate armour
 C - a +1 hat (worn)
 G - a +0 cloak (worn)
 K - the +10 plate armour "Yfain" (worn) {-Tele rElec rPois rN+}
   (You acquired it on level 2 of the Orcish Mines)

   It insulates you from electricity.
   It protects you from poison.
   It protects you from negative energy.
   It prevents most forms of teleportation.
Jewellery
 n - an uncursed amulet of guardian spirit
 p - a +3 ring of strength (right hand)
 v - a cursed ring of poison resistance (left hand)
 z - an amulet of faith (around neck)
 H - an uncursed ring of protection from fire
 M - an uncursed amulet of the acrobat {unknown}
Wands
 d - a wand of iceblast (19)
 u - a wand of polymorph (6)
 w - a wand of disintegration (11)
 F - a wand of flame (43)
 J - a wand of enslavement (5)
Scrolls
 a - a scroll of amnesia
 e - 3 scrolls of enchant armour
 i - 3 scrolls of immolation
 j - a scroll of torment {unknown}
 l - 10 scrolls of teleportation
 m - 5 scrolls of fog
 s - 4 scrolls of remove curse
 t - 3 scrolls of enchant weapon
 x - a scroll of magic mapping
 A - a scroll of blinking
 E - 2 scrolls of noise
 N - 3 scrolls of fear {unknown}
Potions
 b - 4 potions of resistance
 h - 3 potions of lignification
 k - 7 potions of flight
 o - 2 potions of magic {unknown}
 q - 3 potions of agility
 r - 4 potions of mutation
 B - 4 potions of brilliance
 D - 4 potions of curing
 L - 2 potions of ambrosia
Miscellaneous
 I - a phantom mirror
Comestibles
 f - 16 rations


   Skills:
 + Level 15.2 Fighting
 + Level 15.1 Axes
 - Level 7.6 Armour
 - Level 15.0 Shields
 + Level 11.7 Invocations


You had 13 spell levels left.
You didn't know any spells.
Your spell library was empty.

Dungeon Overview and Level Annotations

Branches:
Dungeon (12/15)            Temple (0/1) D:7            Lair (6/6) D:10
 Shoals (0/4) Lair:3        Snake (0/4) Lair:2        Slime (0/5) Lair:5
    Orc (2/2) D:12            Elf (0/3) Orc:2

Altars:
Ashenzari
Cheibriados
Dithmenos
Elyvilon
Hepliaklqana
Kikubaaqudgha
Nemelex Xobeh
Okawaru
Sif Muna
Trog
Xom
Yredelemnul
The Shining One
Beogh
Jiyva

Shops:
D:9 =   D:11 (   Orc:2 ?[

Portals:
Trove: D:10 (show abyssal rune of Zot)

Annotations:
Lair:1 3 runed translucent doors, Jannitor's ghost, novice HuCK
Lair:3 2 transporters, hcgyg4s's ghost, journeyman OpAE
Lair:5 3 runed translucent doors, Panli's ghost, journeyman CeAM
Orc:2 Saint Roka


Innate Abilities, Weirdness & Mutations

You reflexively headbutt those who attack you in melee.
You have a pair of horns on your head.
You possess an exceptional clarity of mind.
Your spells are a little harder to cast, but a little more powerful.


Message History

Saint Roka freezes you.
* * * LOW HITPOINT WARNING * * *
You barely miss Saint Roka.
Saint Roka is heavily wounded.
You hit Saint Roka.
You headbutt Saint Roka, but do no damage.
Saint Roka is heavily wounded.
You block Saint Roka's attack.
You closely miss Saint Roka. You headbutt Saint Roka!
Saint Roka is heavily wounded.
You block Saint Roka's attack.
You closely miss Saint Roka.
You headbutt Saint Roka, but do no damage.
Saint Roka is heavily wounded.
You slice Saint Roka!! You headbutt Saint Roka.
Saint Roka is severely wounded.
Saint Roka hits you with a +0 battleaxe of freezing!
* * * LOW HITPOINT WARNING * * *
Saint Roka freezes you!
You die...

###......#####.#+#######.........
##..........#....................
#..........##>...................
............##.....#.............
............#....................
##....##..........#####..........
##.####.........## ##.........
#.# ##....###.# #........$ #.#
##.#..##@# +......... #.#
###.###o# #......... #.# #.# #o##
##......... .. ###
#..#####.........#
#....)oo..$.......
#########......... .......#..
.....###.. #.#....#


You could see Saint Roka and an orc.

Vanquished Creatures
  Josephine (D:11)
  Harold (D:9)
  A hydra (D:12)
  3 two-headed ogres
  10 death yaks
  An orc high priest (Orc:2)
  Urug (Orc:2)
  Sonja (Lair:4)
  An ugly thing (D:12)
  An oklob plant (Lair:2)
  6 elephants (Lair:6)
  2 centaur zombies (D:11)
  Psyche (D:10)
  Joseph (D:7)
  7 black mambas
  2 rime drakes (Lair:4)
  5 komodo dragons
  19 spiny frogs
  2 polar bears (Lair:6)
  2 trolls
  7 dream sheep (Lair:6)
  6 hornets
  18 blink frogs
  10 hippogriffs
  A snapping turtle (Lair:3)
  12 spriggans (Lair:6)
  38 yaks
  3 wyverns
  2 basilisks (Lair:4)
  4 wraiths (D:11)
  A human (D:10)
  A hungry ghost (D:7)
  Menkaure (D:7)
  3 wargs (Orc:2)
  An acid dragon (D:12)
  17 water moccasins
  6 black bears
  4 ice beasts
  10 orc warriors
  2 sky beasts
  8 porcupines
  3 phantoms
  7 ogres
  4 necrophages
  5 boggarts (Lair:6)
  21 wolves
  5 centaurs
  12 crocodiles
  4 big kobolds
  15 bullfrogs
  A wyvern skeleton (D:11)
  7 killer bees (D:8)
  3 wights (D:8)
  7 electric eels
  A vampire bat (D:6)
  8 crimson imps
  2 bullfrog zombies (D:8)
  11 orc priests
  8 hounds
  2 quasits
  2 jellies
  3 centaur skeletons
  A bullfrog skeleton (D:9)
  13 orc wizards
  Crazy Yiuf (D:7)
  Jessica (D:3)
  A hell rat (D:10)
  5 iguanas
  Ijyb (D:5)
  2 worker ants
  A worker ant zombie (D:5)
  5 gnolls
  A river rat (D:10)
  18 adders
  4 shadow imps
  A white imp (D:8)
  2 oozes
  An adder zombie (D:5)
  2 worms
  3 dart slugs
  8 leopard geckos
  66 orcs
  6 ball pythons
  3 bat skeletons (D:6)
  2 bat zombies (D:6)
  5 giant cockroaches
  8 goblins
  8 hobgoblins
  6 jackals
  5 quokkas
  6 bats
  5 frilled lizards
  2 goblin zombies (D:8)
  2 hobgoblin zombies (D:8)
  22 kobolds
  2 kobold skeletons (D:8)
  2 kobold zombies (D:8)
  A leopard gecko skeleton (D:4)
  A leopard gecko zombie (D:8)
  An orc skeleton (D:8)
  An orc zombie (D:8)
  9 rats
  4 bushes (Lair:3)
  9 fungi
  9 plants
610 creatures vanquished.

Vanquished Creatures (others)
  Gastronok (Lair:2)
  A spiny frog (Lair:2)
  6 fungi
  4 plants
12 creatures vanquished.

Grand Total: 622 creatures vanquished

Notes
Turn   | Place    | Note
-------+----------+-------------------------------------------
     0 | D:1      | Mrkan the Minotaur Fighter began the quest for the Orb.
     0 | D:1      | Reached XP level 1. HP: 19/19 MP: 0/0
   189 | D:1      | Reached XP level 2. HP: 23/27 MP: 1/1
   365 | D:1      | Reached XP level 3. HP: 32/33 MP: 2/2
   928 | D:2      | Reached XP level 4. HP: 36/40 MP: 3/3
  1220 | D:3      | Noticed Jessica
  1229 | D:3      | Killed Jessica
  1310 | D:3      | Found a white marble altar of Elyvilon.
  1326 | D:3      | Reached XP level 5. HP: 47/47 MP: 4/4
  1335 | D:3      | Became a worshipper of Elyvilon the Healer
  1424 | D:3      | Noticed a phantom
  1444 | D:3      | Killed a phantom
  1444 | D:3      | Reached skill level 5 in Fighting
  1444 | D:3      | Reached skill level 5 in Armour
  1444 | D:3      | Reached skill level 5 in Shields
  1489 | D:3      | Found a faded altar of an unknown god.
  2044 | D:4      | Reached XP level 6. HP: 56/56 MP: 5/5
  2070 | D:4      | Reached * piety under Elyvilon
  2188 | D:4      | Found a shimmering blue altar of Sif Muna.
  2388 | D:4      | Found a shattered altar of Ashenzari.
  2751 | D:5      | Entered Level 5 of the Dungeon
  2753 | D:5      | Reached ** piety under Elyvilon
  2880 | D:5      | Noticed Ijyb
  2884 | D:5      | Reached skill level 5 in Axes
  2884 | D:5      | Reached XP level 7. HP: 25/62 MP: 6/6
  2888 | D:5      | Killed Ijyb
  3269 | D:5      | Found a bloodstained altar of Trog.
  3270 | D:5      | Found an iron altar of Okawaru.
  3653 | D:6      | Reached XP level 8. HP: 68/71 MP: 7/7
  3737 | D:6      | Reached *** piety under Elyvilon
  3817 | D:6      | Found a sparkling altar of Nemelex Xobeh.
  3936 | D:6      | Found an ancient bone altar of Kikubaaqudgha.
  4223 | D:7      | Noticed Joseph
  4243 | D:7      | Killed Joseph
  4243 | D:7      | Reached skill level 1 in Invocations
  4243 | D:7      | Reached XP level 9. HP: 9/81 MP: 6/9
  4678 | D:7      | Found a shimmering altar of Xom.
  4774 | D:7      | Found a shimmering altar of Xom.
  4774 | D:7      | Found a shimmering altar of Xom.
  4776 | D:7      | Found a shimmering altar of Xom.
  4778 | D:7      | Found a shimmering altar of Xom.
  4778 | D:7      | Found a shimmering altar of Xom.
  4780 | D:7      | Found a shimmering altar of Xom.
  4809 | D:7      | Found a staircase to the Ecumenical Temple.
  4834 | D:7      | Reached **** piety under Elyvilon
  4892 | D:7      | Noticed Menkaure
  4901 | D:7      | Killed Menkaure
  4969 | D:7      | Found a hazy altar of Hepliaklqana.
  4970 | D:7      | Found a shadowy altar of Dithmenos.
  5161 | D:7      | Found a runed translucent door.
  5162 | D:7      | Noticed Crazy Yiuf
  5167 | D:7      | Killed Crazy Yiuf
  5207 | D:7      | Found a basalt altar of Yredelemnul.
  5255 | D:8      | Found a snail-covered altar of Cheibriados.
  5282 | D:8      | Found a glowing golden altar of the Shining One.
  5330 | D:8      | Noticed a two-headed ogre
  5342 | D:8      | Killed a two-headed ogre
  5665 | D:8      | Reached XP level 10. HP: 91/91 MP: 12/12
  6285 | D:9      | Reached ***** piety under Elyvilon
  6436 | D:9      | Found Zaugipp's Jewellery Emporium.
  6444 | D:9      | Bought an uncursed ring of protection from fire for 350
                  | gold pieces
  6524 | D:9      | Found an ancient bone altar of Kikubaaqudgha.
  6559 | D:9      | Noticed Harold
  6572 | D:9      | Killed Harold
  6572 | D:9      | Reached skill level 10 in Fighting
  6572 | D:9      | Reached skill level 10 in Shields
  6572 | D:9      | Reached skill level 5 in Invocations
  6726 | D:9      | You fall into a shaft and drop 1 floor!
  6726 | D:10     | Entered Level 10 of the Dungeon
  6790 | D:10     | Reached skill level 10 in Axes
  6880 | D:10     | Noticed a two-headed ogre
  6887 | D:10     | Killed a two-headed ogre
  6944 | D:10     | Noticed a death yak
  6944 | D:10     | Noticed a death yak
  6957 | D:10     | Noticed a death yak
  6964 | D:10     | Killed a death yak
  6964 | D:10     | Reached XP level 11. HP: 63/101 MP: 14/14
  6974 | D:10     | Killed a death yak
  6979 | D:10     | Killed a death yak
  7067 | D:10     | Found a staircase to the Lair.
  7368 | D:10     | Found a portal to a secret trove of treasure.
  7641 | D:10     | Noticed Psyche
  7647 | D:10     | Killed Psyche
  8034 | Lair:1   | Entered Level 1 of the Lair of Beasts
  8398 | Lair:1   | Found a runed translucent gate.
  8400 | Lair:1   | Found a runed translucent gate.
  8401 | Lair:1   | Found a runed translucent gate.
  8402 | Lair:1   | Noticed Jannitor's ghost (novice HuCK)
  8929 | Lair:1   | Reached ****** piety under Elyvilon
  9454 | Lair:2   | Reached XP level 12. HP: 107/112 MP: 17/17
  9550 | Lair:2   | Found a staircase to the Snake Pit.
 10049 | Lair:2   | Noticed a seven-headed hydra
 10062 | Lair:2   | Pacified a ten-headed hydra
 10077 | Lair:2   | Killed Gastronok
 11786 | Lair:3   | Noticed hcgyg4s's ghost (journeyman OpAE)
 11792 | Lair:3   | Found a transporter.
 11805 | Lair:3   | Found a transporter.
 11818 | Lair:3   | Found a staircase to the Shoals.
 12056 | Lair:3   | HP: 5/113 [electric eel/bolt of electricity (6)]
 13714 | Lair:4   | Gained mutation: You possess an exceptional clarity of
                  | mind. [potion of mutation]
 13714 | Lair:4   | Gained mutation: Your spells are a little harder to cast,
                  | but a little more powerful. [potion of mutation]
 13809 | Lair:4   | Noticed Sonja
 13827 | Lair:4   | Killed Sonja
 13832 | Lair:4   | Noticed a five-headed hydra
 13839 | Lair:4   | Pacified a six-headed hydra
 14429 | Lair:5   | Noticed a five-headed hydra
 14435 | Lair:5   | Pacified a five-headed hydra
 14435 | Lair:5   | Reached XP level 13. HP: 113/122 MP: 19/19
 15055 | Lair:5   | Found a viscous altar of Jiyva.
 15056 | Lair:5   | Found a staircase to the Slime Pits.
 15175 | Lair:5   | Noticed Panli's ghost (journeyman CeAM)
 15176 | Lair:5   | Found a runed translucent gate.
 15177 | Lair:5   | Found a runed translucent gate.
 15178 | Lair:5   | Found a runed translucent gate.
 15583 | Lair:6   | Entered Level 6 of the Lair of Beasts
 15647 | Lair:6   | Reached skill level 10 in Invocations
 15648 | Lair:6   | Reached skill level 15 in Shields
 16059 | Lair:6   | Paralysed by a hornet for 3 turns
 16161 | Lair:6   | Paralysed by a hornet for 2 turns
 17022 | Lair:6   | Got an iridescent war axe
 17023 | Lair:6   | Identified the +8 war axe "Ogreslayer" {holy, rF+ MP+9
                  | Str-3 Int+4} (You found it on level 6 of the Lair of
                  | Beasts)
 17573 | Lair:6   | Reached XP level 14. HP: 133/133 MP: 21/21
 18921 | D:11     | Found Boutog's Antique Weapon Shop.
 19003 | D:11     | Noticed Josephine
 19020 | D:11     | Killed Josephine
 19346 | D:11     | Reached skill level 15 in Fighting
 19954 | D:12     | Found a roughly hewn altar of Beogh.
 19954 | D:12     | Found a staircase to the Orcish Mines.
 20121 | Orc:1    | Entered Level 1 of the Orcish Mines
 20190 | Orc:2    | Entered Level 2 of the Orcish Mines
 20200 | Orc:2    | Found a roughly hewn altar of Beogh.
 20201 | Orc:2    | Found Gim Hurgh's Magic Scroll Shoppe.
 20483 | Orc:2    | Bought a scroll of acquirement for 624 gold pieces
 20483 | Orc:2    | Bought a scroll of teleportation for 36 gold pieces
 20483 | Orc:2    | Bought a scroll of identify for 24 gold pieces
 20487 | Orc:2    | Got a crude plate armour
 20488 | Orc:2    | Identified the +10 plate armour "Yfain" {-Tele rElec rPois
                  | rN+} (You acquired it on level 2 of the Orcish Mines)
 20518 | Orc:2    | Noticed Urug
 20531 | Orc:2    | Reached skill level 15 in Axes
 20543 | Orc:2    | Killed Urug
 20900 | Orc:2    | Found a staircase to the Elven Halls.
 20916 | Orc:2    | Found Hasch's Armour Emporium.
 20918 | Orc:2    | Noticed Saint Roka
 20974 | Orc:2    | HP: 6/135 [Saint Roka/divine providence (14)]
 20999 | Orc:2    | HP: 7/168 [Saint Roka/+0 battleaxe of freezing (17)]
 20999 | Orc:2    | Slain by Saint Roka

Levels and vault maps discovered:
D:1:      minmay_arrival_solitary_statue, layout_basic
D:2:      layout_basic, kennysheep_generic_room_8
D:3:      layout_basic, elyvilon_altar_1, chequers_ecumenical_altar_simple,
          hangedman_decor_diamond_cutter, uniq_jessica
D:4:      layout_basic, cheibrodos_ashenzari_chains, first_ration, led_sif_book
D:5:      cheibrodos_helix_gallery, layout_basic,
          grunt_temple_overflow_bloody_war, serial_bayou_pond_d, uniq_ijyb
D:6:      layout_rooms, nemelex_altar_shiori, kennysheep_vampire_church,
          hex_intersection, water_boxes_lemuel
D:7:      layout_cave_pools, gammafunk_temple_overflow_statue,
          lemuel_coloured_pillars_altar, minmay_temple_entry_junction,
          nicolae_xom_altar_mimics, uniq_menkaure, uniq_joseph,
          uniq_crazy_yiuf_cottage
D:8:      layout_rooms, nicolae_tso_besieged_by_evil, serial_undead,
          serial_undead_f, serial_undead_d, serial_undead_c, serial_undead_b,
          basic_altar
D:9:      layout_irregular_city, basic_altar, serial_shops, shop_fountains,
          uniq_harold
D:10:     layout_loops_ring, dpeg_lair_monsters, nicolae_trove_entry_diagonal,
          grunt_pizzeria, uniq_psyche
D:11:     layout_rooms, serial_shops, nicolae_shop_trees, uniq_josephine
D:12:     layout_loops_ring, david_orc_5, nicolae_ru_the_path_less_chosen,
          uniq_nergalle
Lair:1:   layout_small_grid, ebering_ghost_rock_garden, guppyfry_lair_drakes
Lair:2:   layout_concentric_octagons, minmay_snake_entry_six_corridors,
          infiniplex_staircase_pool, minmay_lair_oklob_chamber, uniq_gastronok
Lair:3:   layout_big_grid, minmay_shoals_entry_hut,
          gammafunk_ghost_berserking_beasts, nicolae_quartered_pool_medium,
          grunt_forest_stairs_basic, minmay_hedge_maze, serial_bayou_lake_a,
          serial_bayou_shore_b
Lair:4:   layout_cave_pods, uniq_sonja
Lair:5:   layout_regular_city, slime_altar_1, gammafunk_ghost_split,
          serial_bayou_ford_a, beast_lair_carwin_9
Lair:6:   minmay_lair_end_enchanted_forest, layout_big_grid, grunt_megastairs_5,
          serial_bayou_shore_b
Orc:1:    layout_caves, uniq_snorg
Orc:2:    grunt_orc_community_town_hall, layout_diamond_mine,
          grunt_orc_community_big_house_2, grunt_orc_community_big_house_1,
          grunt_orc_community_house_3, grunt_orc_community_house_2,
          grunt_orc_community_house_2, grunt_orc_community_house_3,
          grunt_orc_community_house_3, serial_shops, nicolae_shop_waterfront,
          nicolae_orc_stony_grotto, uniq_urug, uniq_saint_roka

Skill      XL: |  1  2  3  4  5  6  7  8  9 10 11 12 13 14 |
---------------+-------------------------------------------+-----
Fighting       | 4 5 6 8 9 10 12 13 14 15 | 15.2
Armour         | 4 5 6 7 |  7.6
Shields        | 4 5 6 8 9 10 12 14 15 | 15.0
Axes           | 3 4 5 6 7 9 10 11 12 14 15 | 15.1
Invocations    | 1 4 6 8 9 10 11 | 11.7

Action                   |  1- 3 |  4- 6 |  7- 9 | 10-12 | 13-15 || total
-------------------------+-------+-------+-------+-------+-------++-------
Melee: War axe           |    72 |   148 |   255 |   657 |   795 ||  1927
       Headbutt          |    10 |    27 |    59 |   171 |   205 ||   472
Invok: Lesser Healing    |       |       |     1 |       |     1 ||     2
       Greater Healing   |       |       |       |     5 |    11 ||    16
       Heal Other        |       |       |       |     2 |     4 ||     6
       Purification      |       |       |       |       |     2 ||     2
       Divine Vigour     |       |       |       |       |     1 ||     1
  Use: Potion            |       |       |     3 |     2 |     3 ||     8
       Scroll            |       |       |    11 |     4 |    10 ||    25
  Eat: Chunk             |       |     5 |     6 |    21 |    18 ||    50
       Ration            |       |     1 |     2 |     3 |     3 ||     9
Armor: Chain mail        |    35 |    39 |       |       |       ||    74
       Scale mail        |     3 |       |       |       |       ||     3
       Plate armour      |       |    59 |   179 |   237 |   261 ||   736
Dodge: Dodged            |    16 |    27 |    71 |   136 |   134 ||   384
Block: Shield            |    38 |    79 |   200 |   402 |   494 ||  1213
